 Dungeon Crawl Stone Soup version 0.19-a0-1008-g4c63d25 (webtiles) character file.

114 epen the Changer (level 4, -1/33 HPs)
             Began as a Merfolk Transmuter on July 23, 2016.
             Slain by a gnoll
             ... wielding a +0 halberd
              (10 damage)
             ... on level 2 of the Dungeon.
             The game lasted 00:02:35 (1345 turns).

epen the Changer (Merfolk Transmuter)               Turns: 1345, Time: 00:02:36

Health: -1/33      AC:  3    Str: 10    XL:     4   Next: 97%
Magic:  7/8        EV: 18    Int: 13    God:
Gold:   27         SH:  0    Dex: 14    Spells: 3 memorised, 2 levels left

rFire  . . .     SeeInvis .       - Unarmed
rCold  . . .     Gourm    .     b - +0 robe
rNeg   . . .     Faith    .     (no shield)
rPois  .         Spirit   .     (no helmet)
rElec  .         Dismiss  .     (no cloak)
rCorr  .         Reflect  .     j - +0 pair of gloves
SustAt .         Harm     .     (no boots)
MR     .....                    (no amulet)
Stlth  ..........               o - ring of loudness (curse)
                                r - +5 ring of evasion

@: not resistant to hostile enchantments, extremely unstealthy
A: change form in water, swift swim
a: no special abilities


You were on level 2 of the Dungeon.
You were very hungry.

You visited 1 branch of the dungeon, and saw 2 of its levels.

You collected 27 gold pieces.

Inventory:

Missiles
 a - 11 arrows
Armour
 b - a +0 robe (worn)
 j - a +0 pair of gloves (worn)
Jewellery
 h - an uncursed ring of flight
 n - an uncursed ring of ice
 o - a cursed ring of loudness (right hand)
 r - a +5 ring of evasion (left hand)
Scrolls
 e - a scroll of enchant weapon {unknown}
 f - 2 scrolls of amnesia {unknown}
 g - 2 scrolls of immolation {unknown}
 l - a scroll of noise {unknown}
 p - a scroll of remove curse {unknown}
 q - a scroll of identify {unknown}
Potions
 i - a potion of flight {unknown}
Books
 c - a book of Changes

   Spells                             Type                      Level
   a - Beastly Appendage              Transmutation                1
   b - Sticks to Snakes               Transmutation                2
   c - Spider Form                    Transmutation/Poison         3
   d - Ice Form                       Ice/Transmutation            4
   e - Blade Hands                    Transmutation                5
Comestibles
 d - 2 bread rations
 k - a meat ration
 m - a royal jelly


   Skills:
 + Level 1.7 Fighting
 + Level 3.3 Dodging
 + Level 4.0 Unarmed Combat
 * Level 2.9 Spellcasting
 * Level 4.2 Transmutations


You had 2 spell levels left.
You knew the following spells:

 Your Spells              Type           Power        Failure   Level  Hunger
a - Beastly Appendage     Tmut           ##....       4%          1    #......
b - Sticks to Snakes      Tmut           ##......     8%          2    ###....
c - Spider Form           Tmut/Pois      #.........   34%         3    ###....


Dungeon Overview and Level Annotations

Branches:
Dungeon (2/15)

Altars:


Message History

Unknown command.
You hit the gnoll but do no damage.
The gnoll is heavily wounded.
The gnoll misses you. The gnoll completely misses you. The gnoll misses you.
You bite the gnoll!
You kill the gnoll!
Your Unarmed Combat skill increases to level 4!
The gnoll completely misses you.
Your transformation is almost over.
The gnoll completely misses you. The gnoll hits you with a spear!
* * * LOW HITPOINT WARNING * * *
Things that are here:
a club; a gnoll corpse You are too injured to fight recklessly!
The gnoll closely misses you. The gnoll completely misses you.
Your transformation has ended.
Your +0 pair of gloves unmelds from your body.
Your +0 robe unmelds from your body.
The gnoll hits you from afar with a halberd!
You die...

.....)..## .###.[#.....
#+#####..########
......#..... #..#.........##
#......#..... #.......g....#
##.....#.....
###..........##########...###
##......g......# ##..<..##
#.........g....# #.......#
#......####.#### #.......#
#.......###@########.......#
#####)....................##
#######..#######.......# ##.#
#.......# ### #.......#
##.....## ##...## #####


You could see 2 gnolls.

Vanquished Creatures
  5 gnolls (D:2)
  2 adders (D:2)
  2 oozes (D:1)
  A worm (D:2)
  2 dart slugs (D:1)
  2 giant geckos
  A giant cockroach (D:2)
  2 goblins
  2 hobgoblins (D:1)
  3 jackals (D:2)
  2 kobolds (D:1)
  2 ball pythons (D:2)
  4 bats
  A giant newt (D:1)
  3 rats (D:1)
34 creatures vanquished.

Vanquished Creatures (collateral kills)
  A quokka (D:2)
1 creature vanquished.

Grand Total: 35 creatures vanquished

Notes
Turn   | Place    | Note
-------+----------+-------------------------------------------
     0 | D:1      | epen the Merfolk Transmuter began the quest for the Orb.
     0 | D:1      | Reached XP level 1. HP: 15/15 MP: 3/3
   138 | D:1      | Reached XP level 2. HP: 21/21 MP: 3/5
   146 | D:1      | Learned a level 2 spell: Sticks to Snakes
   788 | D:2      | Reached XP level 3. HP: 25/26 MP: 4/6
   824 | D:1      | Learned a level 3 spell: Spider Form
   911 | D:2      | Reached XP level 4. HP: 30/32 MP: 4/8
  1345 | D:2      | Slain by a gnoll

Vault maps used:
D:1:      arrival_zaba_pyramid
D:2:      lemuel_doored_altar, minmay_goblin_kobold_house

Skill      XL: |  1  2  3  4 |
---------------+-------------+-----
Transmutations | 3 4 |  4.2
Dodging        | 3 |  3.3
Unarmed Combat | 4 |  4.0
Fighting       | |  1.7
Spellcasting   | |  2.9

Action                   |  1- 3 |  4- 6 || total
-------------------------+-------+-------++-------
Melee: Unarmed           |    84 |    31 ||   115
       Headbutt          |     1 |       ||     1
       Punch             |     2 |       ||     2
 Cast: Beastly Appendage |     3 |       ||     3
       Spider Form       |     2 |     3 ||     5
       Sticks to Snakes  |       |     1 ||     1
 Stab: Sleeping          |     2 |       ||     2
  Eat: Chunk             |       |     1 ||     1
Armor: Robe              |     9 |     2 ||    11
       Skin              |     1 |     1 ||     2
Dodge: Dodged            |    56 |    46 ||   102
